 Dungeon Crawl Stone Soup version 0.21.1-1-g345015fe64 (webtiles) character file.

118 Kohma the Slasher (level 4, 0/37 HPs)
             Began as a Demonspawn Berserker on June 20, 2018.
             Was a Believer of Trog.
             Hit by a tomahawk thrown by an orc (1 damage)
             ... on level 3 of the Dungeon.
             The game lasted 00:04:40 (1805 turns).

Kohma the Slasher (Demonspawn Berserker)            Turns: 1805, Time: 00:04:41

Health: 0/37       AC:  6    Str: 18    XL:     4   Next: 72%
Magic:  4/4        EV: 10    Int:  9    God:    Trog [**....]
Gold:   120        SH:  0    Dex: 12    Spells: 3/3 levels left

rFire    + . .     SeeInvis .   a - +0 falchion
rCold    . . .     Gourm    .   (no shield)
rNeg     . . .     Faith    .   b - +0 scale mail
rPois    .         Spirit   .   (helmet restricted)
rElec    .         Reflect  .   (no cloak)
rCorr    .         Harm     .   (no gloves)
MR       .....                  (no boots)
Stlth    ..........             (no amulet)
HPRegen  0.12/turn              d - ring of flight
MPRegen  0.09/turn              (no ring)

@: lethally poisoned (0 -> -1), berserk cooldown, slowed, very slow
A: antennae 1, fire resistance 1, powered by death 1
a: Berserk, Trog's Hand, Burn Spellbooks, Renounce Religion, Evoke Flight


You were on level 3 of the Dungeon.
You worshipped Trog.
Trog was pleased with you.
You were not hungry.

You visited 1 branch of the dungeon, and saw 3 of its levels.

You collected 120 gold pieces.

Inventory:

Hand Weapons
 a - a +0 falchion (weapon)
Missiles
 s - 6 javelins (quivered)
Armour
 b - a +0 scale mail (worn)
 r - a +0 helmet
Jewellery
 d - a ring of flight (left hand)
 u - a cursed ring of teleportation {unknown}
Scrolls
 e - 3 scrolls of teleportation {unknown}
 g - a scroll of fog {unknown}
 k - a scroll of enchant armour {unknown}
 n - a scroll of identify {unknown}
 p - 2 scrolls of magic mapping {unknown}
 t - a scroll of immolation {unknown}
Potions
 f - a potion of flight {unknown}
 h - 3 potions of curing {unknown}
 i - a potion of degeneration {unknown}
 j - a potion of might {unknown}
 l - a potion of ambrosia {unknown}
 m - 3 potions of heal wounds {unknown}
 o - a potion of lignification {unknown}
Comestibles
 c - 5 rations
 q - 6 chunks of flesh


   Skills:
 + Level 3.9 Fighting
 * Level 4.4 Long Blades
 - Level 1.7 Armour
 - Level 1.7 Dodging


You had 3 spell levels left.
You didn't know any spells.

Dungeon Overview and Level Annotations

Branches:
Dungeon (3/15)

Altars:
Gozag
Hepliaklqana
Okawaru
Vehumet
Wu Jian


Innate Abilities, Weirdness & Mutations

You have a pair of small antennae on your head.
Your flesh is heat resistant. (rF+)
You regenerate a little health from kills.


Message History

You hear a shout!
You see here a tomahawk.
You feel sick.
The orc throws an exploding tomahawk.
The exploding tomahawk hits you but does no damage.
The exploding tomahawk explodes!
The explosion of tomahawk fragments engulfs you!
An orc comes into view. It is wielding a dagger.
You feel sick.
You feel sick.
The orc priest invokes the aid of Beogh against you.
Beogh smites you!
* * * LOW HITPOINT WARNING * * *
Okay, then.
Okay, then.
* * * LOW HITPOINT WARNING * * *
You feel sick.
The orc priest looks encouraged for a moment.
The orc priest begins to cast a cantrip, but forgets the words!
The orc throws a tomahawk.
The tomahawk hits you.
You die...

#.....###..# #..o###
.#####...# .....#..o####
..........o.# .##
.....#...##.## ..#...
#...........o###......
#....#...##..##..#....
.....##.#.).@........
###. ##...)........#
###.##.รท.#.........###.#
#......#.#.............
....#.####.#.........#. #
# ..##.#...)....>###. ##
.................... ##.
#.##.#.###.####..... #..#
#.#..#.###.# .....


You could see an orc priest and an orc.

Vanquished Creatures
  Jessica (D:3)
  3 adders
  An ooze (D:1)
  A worm (D:2)
  A dart slug (D:1)
  2 leopard geckos
  2 giant cockroaches
  11 goblins
  6 hobgoblins
  3 jackals (D:2)
  2 ball pythons
  8 bats
  3 frilled lizards
  4 kobolds
  7 rats
55 creatures vanquished.

Notes
Turn   | Place    | Note
-------+----------+-------------------------------------------
     0 | D:1      | Kohma the Demonspawn Berserker began the quest for the Orb.
     0 | D:1      | Reached XP level 1. HP: 18/18 MP: 1/1
    49 | D:1      | Reached skill level 3 in Long Blades
    83 | D:1      | Gained mutation: You have a pair of small antennae on your head. [demonic ancestry]
    83 | D:1      | Reached XP level 2. HP: 24/24 MP: 2/2
   781 | D:1      | Gained mutation: You regenerate a little health from kills. [demonic ancestry]
   781 | D:1      | Reached XP level 3. HP: 28/29 MP: 3/3
  1062 | D:2      | Reached ** piety under Trog
  1072 | D:2      | Found a radiant altar of Vehumet.
  1072 | D:2      | Found an ornate altar of the Wu Jian Council.
  1083 | D:2      | Found an opulent altar of Gozag.
  1085 | D:2      | Found an iron altar of Okawaru.
  1087 | D:2      | Found a hazy altar of Hepliaklqana.
  1640 | D:3      | Reached skill level 4 in Long Blades
  1640 | D:3      | Gained mutation: Your flesh is heat resistant. (rF+) [demonic ancestry]
  1640 | D:3      | Reached XP level 4. HP: 37/37 MP: 4/4
  1655 | D:3      | Noticed Jessica
  1669 | D:3      | Killed Jessica
  1801 | D:3      | HP: 1/37 [orc priest/divine providence (13)]
  1805 | D:3      | Hit by a tomahawk thrown by an orc

Skill      XL: |  1  2  3 |
---------------+----------+-----
Long Blades    | 3 4 |  4.4
Fighting       | |  3.9
Armour         | |  1.7
Dodging        | |  1.7

Action                   |  1- 3 |  4- 6 || total
-------------------------+-------+-------++-------
Melee: Falchion          |   154 |    52 ||   206
Invok: Berserk           |     1 |     1 ||     2
  Eat: Chunk             |     2 |       ||     2
       Ration            |     1 |       ||     1
Armor: Chain mail        |     7 |       ||     7
       Animal skin       |     1 |       ||     1
       Scale mail        |    65 |    45 ||   110
Dodge: Dodged            |    84 |    58 ||   142
       Rpst.: Falchion   |    24 |    17 ||    41
